2292 views
Uploaded 2021-07-28 22:15:56
Game version 1.32.10
32:06 long 1on1 ladder game on (4)TwistedMeadows
Saved by aom
2292 views
Uploaded 2021-07-28 22:15:56
Game version 1.32.10
32:06 long 1on1 ladder game on (4)TwistedMeadows

51 units @ 7.8k
/ 1.2k
28 buildings @ 4.8k
/ 1.2k



| Rod of Necromancy | 2 | 300 |
| Ritual Dagger | 1 | 125 |
| Potion of Mana | 1 | 200 |
| Potion of Healing | 2 | 300 |
| Circlet of Nobility | 2 | 350 |
| Periapt of Vitality | 1 | 325 |
| total: | 9 | 1600g |
| Acolyte | 18 | 1350 | / | 0 |
| Ghoul | 6 | 720 | / | 0 |
| Crypt Fiend | 7 | 1505 | / | 280 |
| Gargoyle | 9 | 1575 | / | 270 |
| Abomination | 3 | 720 | / | 210 |
| Obsidian Statue | 5 | 1000 | / | 175 |
| Meat Wagon | 1 | 230 | / | 50 |
| Goblin Shredder | 2 | 750 | / | 200 |
| total: | 51 | 7850g | / | 1185w |
| Nerubian Tower | 4 | 400 | / | 80 |
| Spirit Tower | 3 | 435 | / | 120 |
| Altar of Darkness | 1 | 180 | / | 50 |
| Ziggurat | 11 | 1650 | / | 550 |
| Crypt | 1 | 200 | / | 50 |
| Tomb of Relics | 3 | 390 | / | 90 |
| Graveyard | 1 | 215 | / | 0 |
| Necropolis | 8 | 1800 | / | 0 |
| Slaughterhouse | 1 | 140 | / | 135 |
| Sacrificial Pit | 1 | 75 | / | 150 |
| Boneyard | 1 | 175 | / | 200 |
| Halls of the Dead | 1 | 320 | / | 210 |
| Black Citadel | 1 | 325 | / | 230 |
| total: | 28 | 4825g | / | 1225w |
| 0:03 | Acolyte |
| 0:05 | Altar of Darkness |
| 0:07 | Ziggurat |
| 0:12 | Acolyte |
| 0:34 | Crypt |
| 0:58 | Tomb of Relics |
| 1:09 | Nerubian Tower |
| 1:11 | Acolyte |
| 1:35 | Ghoul |
| 1:35 | Ghoul |
| 1:53 | Ghoul |
| 2:03 | Rod of Necromancy |
| 2:05 | Death Coil |
| 3:03 | Ziggurat |
| 3:04 | Ziggurat |
| 3:08 | Graveyard |
| 3:55 | Ghoul |
| 3:56 | Ghoul |
| 3:56 | Ghoul |
| 4:16 | Ritual Dagger |
| 5:47 | Cannibalize |
| 5:49 | Crypt Fiend |
| 5:55 | Halls of the Dead |
| 5:57 | Unholy Armor |
| 5:58 | Spirit Tower |
| 6:41 | Unholy Aura |
| 7:28 | Crypt Fiend |
| 7:33 | Ziggurat |
| 7:35 | Creature Attack |
| 8:04 | Crypt Fiend |
| 8:28 | Death Coil |
| 8:38 | Black Citadel |
| 8:40 | Slaughterhouse |
| 9:38 | Frost Nova |
| 9:45 | Potion of Mana |
| 9:45 | Rod of Necromancy |
| 9:51 | Burrow |
| 9:51 | Crypt Fiend |
| 10:38 | Goblin Shredder |
| 10:58 | Necropolis |
| 11:45 | Frost Armor |
| 12:12 | Acolyte |
| 12:12 | Acolyte |
| 12:12 | Acolyte |
| 12:13 | Acolyte |
| 12:13 | Acolyte |
| 12:13 | Acolyte |
| 12:54 | Unholy Aura |
| 12:58 | Necropolis |
| 13:06 | Crypt Fiend |
| 13:07 | Gargoyle |
| 13:09 | Disease Cloud |
| 13:09 | Abomination |
| 13:12 | Creature Carapace |
| 13:15 | Frost Nova |
| 14:13 | Potion of Healing |
| 14:13 | Potion of Healing |
| 14:39 | Tomb of Relics |
| 14:40 | Sacrificial Pit |
| 14:41 | Ziggurat |
| 14:43 | Ziggurat |
| 15:11 | Obsidian Statue |
| 15:11 | Obsidian Statue |
| 15:12 | Destroyer Form |
| 15:18 | Soul Burn |
| 15:42 | Improved Creature Carapace |
| 15:46 | Crypt Fiend |
| 15:47 | Gargoyle |
| 15:52 | Spirit Tower |
| 15:55 | Ziggurat |
| 16:06 | Circlet of Nobility |
| 16:06 | Periapt of Vitality |
| 16:23 | Unholy Strength |
| 16:49 | Circlet of Nobility |
| 16:53 | Incinerate |
| 17:05 | Nerubian Tower |
| 17:12 | Acolyte |
| 17:52 | Meat Wagon |
| 17:53 | Crypt Fiend |
| 18:57 | Soul Burn |
| 19:11 | Frost Armor |
| 19:21 | Death Coil |
| 19:28 | Gargoyle |
| 19:29 | Abomination |
| 19:31 | Obsidian Statue |
| 19:31 | Abomination |
| 19:34 | Improved Unholy Armor |
| 19:56 | Web |
| 19:56 | Ghoul Frenzy |
| 22:12 | Frost Nova |
| 22:30 | Necropolis |
| 22:42 | Necropolis |
| 23:08 | Gargoyle |
| 23:08 | Gargoyle |
| 23:08 | Gargoyle |
| 23:11 | Obsidian Statue |
| 23:11 | Obsidian Statue |
| 23:32 | Goblin Shredder |
| 24:17 | Incinerate |
| 24:21 | Necropolis |
| 24:51 | Gargoyle |
| 25:47 | Incinerate |
| 25:55 | Acolyte |
| 25:55 | Acolyte |
| 26:00 | Ziggurat |
| 26:01 | Ziggurat |
| 26:05 | Acolyte |
| 26:05 | Acolyte |
| 26:06 | Acolyte |
| 26:06 | Acolyte |
| 26:08 | Ziggurat |
| 26:11 | Tomb of Relics |
| 26:26 | Unholy Aura |
| 27:07 | Nerubian Tower |
| 27:09 | Ziggurat |
| 27:28 | Improved Creature Attack |
| 27:33 | Boneyard |
| 27:34 | Nerubian Tower |
| 29:19 | Animate Dead |
| 29:39 | Gargoyle |
| 29:42 | Gargoyle |
| 29:56 | Necropolis |
| 29:57 | Necropolis |
| 31:49 | Spirit Tower |
| 31:51 | Acolyte |
| 31:51 | Acolyte |
| 31:57 | Necropolis |
| Select group | 1951 |
| Right click | 951 |
| Select | 585 |
| Misc. action | 291 |
| Build/train/purchase | 141 |
| Assign group | 64 |
| Use ability | 51 |
| Chat | 7 |
| Item give/drop | 6 |
| Minimap ping | 1 |
/ 1.9k
37 buildings @ 6.5k
/ 2.8k



| Wisp | 39 | 2340 | / | 0 |
| Archer | 15 | 1950 | / | 150 |
| Huntress | 9 | 1755 | / | 180 |
| Glaive Thrower | 5 | 1050 | / | 325 |
| Dryad | 6 | 870 | / | 360 |
| Druid of the Claw | 6 | 1530 | / | 480 |
| Hippogryph | 2 | 320 | / | 40 |
| Chimaera | 5 | 1650 | / | 350 |
| total: | 87 | 11465g | / | 1885w |
| Ancient Protector | 8 | 1080 | / | 640 |
| Moon Well | 15 | 2700 | / | 600 |
| Altar of Elders | 3 | 540 | / | 150 |
| Ancient of War | 3 | 450 | / | 180 |
| Hunter's Hall | 2 | 420 | / | 200 |
| Tree of Life | 2 | 680 | / | 370 |
| Ancient of Lore | 2 | 310 | / | 290 |
| Ancient of Wind | 1 | 150 | / | 140 |
| Chimaera Roost | 1 | 140 | / | 190 |
| Tree of Ages | 2 | 640 | / | 360 |
| Tree of Eternity | 2 | 660 | / | 400 |
| total: | 37 | 6470g | / | 2760w |
| 0:05 | Wisp |
| 0:05 | Wisp |
| 0:06 | Wisp |
| 0:07 | Wisp |
| 0:07 | Wisp |
| 0:09 | Wisp |
| 0:10 | Wisp |
| 0:23 | Moon Well |
| 1:21 | Altar of Elders |
| 1:27 | Moon Well |
| 1:32 | Wisp |
| 1:33 | Wisp |
| 1:46 | Ancient of War |
| 2:01 | Moon Well |
| 2:19 | Hunter's Hall |
| 2:47 | Archer |
| 2:48 | Archer |
| 3:01 | Archer |
| 3:10 | Archer |
| 3:21 | Moon Well |
| 3:24 | Evasion |
| 4:04 | Moon Well |
| 4:07 | Strength of the Moon |
| 4:14 | Ancient Protector |
| 4:50 | Huntress |
| 5:11 | Wisp |
| 5:11 | Wisp |
| 5:12 | Wisp |
| 5:16 | Wisp |
| 5:20 | Moon Well |
| 5:22 | Huntress |
| 5:36 | Ultravision |
| 5:40 | Huntress |
| 6:09 | Tree of Ages |
| 6:54 | Mana Burn |
| 7:08 | Tree of Life |
| 7:12 | Ancient Protector |
| 7:21 | Moon Well |
| 7:27 | Ancient Protector |
| 7:56 | Huntress |
| 8:03 | Moon Armor |
| 8:14 | Ancient of War |
| 9:31 | Moon Glaive |
| 9:45 | Wisp |
| 9:45 | Wisp |
| 9:46 | Wisp |
| 9:46 | Wisp |
| 9:47 | Wisp |
| 9:51 | Wisp |
| 9:51 | Wisp |
| 9:52 | Wisp |
| 9:57 | Wisp |
| 10:02 | Wisp |
| 10:20 | Glaive Thrower |
| 10:29 | Improved Bows |
| 10:32 | Wisp |
| 10:37 | Shadow Strike |
| 10:56 | Glaive Thrower |
| 11:08 | Wisp |
| 11:08 | Wisp |
| 11:09 | Wisp |
| 11:44 | Evasion |
| 12:00 | Vorpal Blades |
| 12:03 | Glaive Thrower |
| 12:20 | Ancient Protector |
| 12:23 | Moon Well |
| 12:28 | Tree of Eternity |
| 12:30 | Strength of the Wild |
| 12:31 | Reinforced Hides |
| 12:39 | Ancient of Lore |
| 12:55 | Glaive Thrower |
| 12:59 | Glaive Thrower |
| 13:21 | Moon Well |
| 13:23 | Wisp |
| 13:24 | Wisp |
| 14:28 | Druid of the Claw Adept Training |
| 14:33 | Huntress |
| 14:36 | Huntress |
| 15:11 | Ancient Protector |
| 15:15 | Abolish Magic |
| 15:16 | Dryad |
| 15:20 | Marksmanship |
| 15:20 | Archer |
| 15:21 | Archer |
| 15:26 | Huntress |
| 15:40 | Ancient of Lore |
| 15:45 | Chimaera Roost |
| 15:49 | Wisp |
| 15:50 | Wisp |
| 15:50 | Wisp |
| 15:58 | Dryad |
| 16:02 | Archer |
| 16:07 | Ancient of Wind |
| 16:12 | Wisp |
| 16:13 | Wisp |
| 16:13 | Wisp |
| 16:20 | Moon Well |
| 16:25 | Archer |
| 16:30 | Force of Nature |
| 16:42 | Huntress |
| 16:47 | Druid of the Claw Master Training |
| 16:49 | Huntress |
| 16:56 | Druid of the Claw |
| 17:19 | Blink |
| 17:30 | Corrosive Breath |
| 17:37 | Dryad |
| 17:47 | Ancient Protector |
| 17:49 | Hippogryph |
| 17:51 | Mark of the Claw |
| 19:13 | Archer |
| 19:14 | Archer |
| 19:15 | Archer |
| 19:15 | Archer |
| 19:17 | Hippogryph |
| 19:19 | Dryad |
| 19:22 | Druid of the Claw |
| 19:26 | Chimaera |
| 19:32 | Archer |
| 19:33 | Archer |
| 19:53 | Druid of the Claw |
| 20:09 | Druid of the Claw |
| 20:13 | Altar of Elders |
| 20:17 | Moon Well |
| 20:20 | Chimaera |
| 20:24 | Moon Well |
| 20:31 | Dryad |
| 20:33 | Archer |
| 21:03 | Well Spring |
| 21:16 | Druid of the Claw |
| 21:29 | Moon Well |
| 21:33 | Moon Well |
| 21:41 | Chimaera |
| 21:47 | Hunter's Hall |
| 22:40 | Chimaera |
| 23:31 | Tree of Ages |
| 25:04 | Entangling Roots |
| 25:29 | Blink |
| 25:38 | Chimaera |
| 25:41 | Dryad |
| 26:15 | Tree of Eternity |
| 26:30 | Ancient Protector |
| 26:50 | Improved Strength of the Wild |
| 27:11 | Druid of the Claw |
| 27:52 | Force of Nature |
| 28:04 | Tree of Life |
| 28:08 | Ancient Protector |
| 30:13 | Wisp |
| 30:13 | Wisp |
| 30:14 | Wisp |
| 30:46 | Altar of Elders |
| 31:17 | Moon Well |
| 31:22 | Wisp |
| 31:38 | Ancient of War |
| Right click | 562 |
| Select | 391 |
| Build/train/purchase | 127 |
| Use ability | 30 |
| Chat | 4 |
โ